 Dungeon Crawl Stone Soup version 0.31-a0-569-g7ea453304b (webtiles) character file.

Game seed: 17563298618755997577

260 Ethylacetat the Ducker (level 6, 0/43 HPs)
             Began as an Octopode Gladiator on Aug 18, 2023.
             Slain by Grinder (2 damage)
             ... while paralysed by Grinder
             ... on level 5 of the Dungeon.
             The game lasted 00:02:53 (2372 turns).

Ethylacetat the Ducker (Octopode Gladiator)         Turns: 2372, Time: 00:02:53

Health: 0/43       AC:  1    Str: 14    XL:     6   Next: 17%
Magic:  6/6        EV:  2    Int: 10    God:
Gold:   130        SH:  0    Dex: 15    Spells: 5/5 levels left

rFire   . .          .
                       - Unarmed
rCold   . . .        (no shield)
rNeg    . . .        a - +0 hat
rPois   .            (no amulet)
rElec   .            (no ring)
rCorr   .            (no ring)
SInv    .            (no ring)
Will    .....        (no ring)
Stlth   ++           (no ring)
HPRegen 0.27/turn    (no ring)
MPRegen 0.10/turn    (no ring)
                     (no ring)

%: no passive effects
@: paralysed
A: almost no armour, amphibious, 8 rings, camouflage 1, gelatinous body 1,
(nimble swimmer 1), tentacles
a: no special abilities


You were on level 5 of the Dungeon.
You visited 1 branch of the dungeon, and saw 5 of its levels.

You collected 130 gold pieces.

Inventory:

Missiles
 b - 3 throwing nets
 c - a javelin (quivered)
Armour
 a - a +0 hat (worn)
Scrolls
 d - a scroll of fog {unknown}
 e - a scroll of vulnerability {unknown}
 f - 3 scrolls of poison {unknown}
 k - 2 scrolls of brand weapon {unknown}
 l - a scroll of identify {unknown}
 m - a scroll of fear {unknown}
 n - a scroll of enchant weapon {unknown}
 q - a scroll of amnesia {unknown}
Potions
 g - a potion of attraction {unknown}
 h - 2 potions of berserk rage {unknown}
 i - a potion of invisibility {unknown}
 j - a potion of enlightenment {unknown}
 o - a potion of might {unknown}
 p - a potion of brilliance {unknown}


   Skills:
 + Level 4.0 Fighting
 - Level 2.0 Throwing
 + Level 4.5 Dodging
 + Level 4.4 Unarmed Combat


You had 5 spell levels left.
You didn't know any spells.
Your spell library contained the following spells:

 Spells                   Type           Power      Damage    Failure   Level
 Magic Dart               Conj           0%         1d3       36%         1
 Slow                     Hex            0%         N/A       36%         1
 Searing Ray              Conj           0%         2d4       50%         2
 Confusing Touch          Hex            0%         N/A       75%         3
 Vampiric Draining        Necr           0%         2d6       75%         3
 Fulminant Prism          Conj/Hex       0%         3d5       98%         4


Dungeon Overview and Level Annotations

Branches:
Dungeon (5/15)
 Temple: D:4-7

Altars:
Trog
Zin

Shops:
D:4 !

Annotations:
D:5 Grinder


Innate Abilities, Weirdness & Mutations

You cannot wear most types of armour.
You are amphibious.
You can wear up to eight rings at the same time.
Your skin changes colour to match your surroundings (Stealth+).
Your rubbery body absorbs attacks. (AC +1, EV +1)
((You are camouflaged when in or above water. (Stealth+)))
You have tentacles for arms and can constrict up to eight enemies at once.


Message History

You constrict the gnoll. The gnoll barely misses you.
You tentacle-slap the gnoll. You squeeze the gnoll.
You kill the gnoll!
HP restored.
Grinder comes into view.
Found a trident.
Grinder is nearby!
A shadow imp comes into view.
There are monsters nearby!
Grinder shouts!
You hear a shout!
Grinder barely misses you.
You barely miss Grinder. You grab Grinder. You squeeze Grinder.
Grinder is lightly wounded.
You constrict Grinder, but do no damage.
The shadow imp laughs crazily.
Grinder hits you.
You writhe in agony.
You tentacle-slap Grinder. Your squeeze misses Grinder.
Grinder is lightly wounded.
You constrict Grinder, but do no damage.
Grinder hits you.
You writhe in agony.
You tentacle-slap Grinder but do no damage.
Grinder is lightly wounded.
You constrict Grinder. Grinder closely misses you.
You tentacle-slap Grinder but do no damage.
Grinder is lightly wounded.
You constrict Grinder. Grinder gestures at you.
You suddenly lose the ability to move!
You lose your grip on Grinder.
The shadow imp gestures at you. Pain shoots through your body!
Grinder hits you. Grinder hits you.
You writhe in agony.
The shadow imp hits you. Grinder hits you.
* * * LOW HITPOINT WARNING * * *
The shadow imp hits you but does no damage.
Grinder barely misses you.
The shadow imp hits you but does no damage.
Grinder hits you!
* * * LOW HITPOINT WARNING * * *
You writhe in agony.
You die...

#.# #)# #<# #.#
###########.#
...#.......#
#.####.#.#######
..)......##
...#..5@..#
#.#5..##
......##
#.####.# # #.#
..# ###


You could see Grinder and a shadow imp.

Vanquished Creatures
  A scorpion (D:4)
  2 iguanas
  4 gnolls
  4 adders
  A dart slug (D:3)
  5 orcs (D:3)
  6 ball pythons
  5 bats
  8 endoplasms
  5 giant cockroaches
  3 goblins
  4 hobgoblins
  4 jackals (D:1)
  A quokka (D:4)
  A frilled lizard (D:3)
  8 kobolds
  7 rats
69 creatures vanquished.

Notes
Turn   | Place    | Note
-------+----------+-------------------------------------------
     0 | D:1      | Ethylacetat the Octopode Gladiator began the quest for the
                  | Orb.
     0 | D:1      | Reached XP level 1. HP: 14/14 MP: 1/1
   135 | D:1      | Reached XP level 2. HP: 19/19 MP: 2/2
   460 | D:1      | Reached XP level 3. HP: 25/25 MP: 3/3
   866 | D:2      | You fall into a shaft and drop 1 floor!
   969 | D:3      | Reached XP level 4. HP: 22/30 MP: 4/4
  1544 | D:4      | Found a glowing silver altar of Zin.
  1544 | D:4      | Noticed an angel
  1550 | D:4      | Found Zysuti's Distillery.
  1587 | D:4      | Noticed a scorpion
  1600 | D:4      | Killed a scorpion
  1601 | D:4      | Reached XP level 5. HP: 17/36 MP: 5/5
  2072 | D:5      | Entered Level 5 of the Dungeon
  2092 | D:5      | Found a bloodstained altar of Trog.
  2235 | D:5      | Reached XP level 6. HP: 39/43 MP: 6/6
  2360 | D:5      | Noticed Grinder
  2367 | D:5      | Paralysed by Grinder for 5 turns
  2372 | D:5      | HP: 2/43 [Grinder (7)]
  2372 | D:5      | Slain by Grinder

Illustrated notes

Levels and vault maps discovered:
D:1:      wander_arrival_chamber, layout_loops_ring,
          chequers_serial_rivers_micro_a
D:2:      layout_loops_cross, st_stairs_8, guppyfry_early_lair_pool
D:3:      layout_rooms, serial_glass, glass_columns_c, glass_columns_b,
          feat_on_display, minmay_strange_pillars, feat_on_display,
          due_unseen_surprise
D:4:      layout_cave_pools, zin_angel, serial_shops, shop,
          kennysheep_generic_room_15
D:5:      layout_loops_cross, mainiacjoe_overflow_concentric_impassable,
          kennysheep_mini_moat, nicolae_hepliaklqana_ecumenical_no_more,
          minmay_circle_x, uniq_crazy_yiuf_cottage, uniq_grinder

Skill      XL: |  1  2  3  4  5  6 |
---------------+-------------------+-----
Fighting       | 3 4 |  4.0
Dodging        | 4 |  4.5
Unarmed Combat | 4 |  4.4
Throwing       | |  2.0

Action                     |  1- 3 |  4- 6 || total
---------------------------+-------+-------++-------
  Melee: Unarmed           |    80 |    92 ||   172
         Tentacles         |    16 |    21 ||    37
         Constrict         |    21 |    22 ||    43
         Punch             |     1 |     3 ||     4
  Throw: Javelin           |       |     1 ||     1
   Stab: Sleeping          |     6 |     2 ||     8
 Armour: Skin              |    12 |     2 ||    14
  Dodge: Dodged            |    54 |    56 ||   110

Table legend: (Time is in decaauts)
 A = Elapsed time spent in this place.
 B = Non-inter-level travel time spent in this place.
 C = Inter-level travel time spent in this place.
 D = Time resting spent in this place.
 E = Time spent auto-exploring this place.
 F = Levels seen in this place.
 G = Mean time per level.
                   A        B        C        D        E       F      G
               +--------+--------+--------+--------+--------+-----+--------+
         Total |   2362 |   2267 |     95 |    201 |   1614 |   5 |  472.4 |
       Dungeon |   2362 |   2267 |     95 |    201 |   1614 |   5 |  472.4 |
               +--------+--------+--------+--------+--------+-----+--------+

Top non-repeatable levels by time:
     D:4: 830 daAuts
     D:1: 798 daAuts
     D:3: 579 daAuts
     D:5: 90 daAuts
     D:2: 63 daAuts
